 Dungeon Crawl Stone Soup version 0.30.1 (webtiles) character file.

Game seed: 9849970322125590665

13 Sabo the Trooper (level 2, 24/24 HPs)
             Began as a Demonspawn Monk on July 2, 2023.
             Was a Believer of Sif Muna.
             Got out of the dungeon alive.
             The game lasted 00:02:00 (337 turns).

Sabo the Trooper (Demonspawn Monk)                   Turns: 337, Time: 00:02:01

Health: 24/24      AC:  2    Str: 11    XL:     2   Next: 24%
Magic:  2/2        EV: 13    Int: 11    God:    Sif Muna [**....]
Gold:   16         SH:  4    Dex: 15    Spells: 1/1 levels left

rFire   . . .        a - +0 hand axe
rCold   . . .        d - orb {light}
rNeg    . . .        b - +0 robe
rPois   .            (no helmet)
rElec   .            (no cloak)
rCorr   .            (no gloves)
SInv    .            (no boots)
Will    .....        (no amulet)
Stlth   +            (no ring)
HPRegen 0.24/turn    (no ring)
MPRegen 0.08/turn

%: no passive effects
@: glowing
A: condensation shield
a: Renounce Religion, Channel Magic


You escaped.
You worshipped Sif Muna.
Sif Muna was pleased with you.
You visited 1 branch of the dungeon, and saw 1 of its levels.

You collected 16 gold pieces.

Inventory:

Hand Weapons
 a - a +0 hand axe (weapon)
Missiles
 g - 4 boomerangs (quivered)
Armour
 b - a +0 robe (worn)
 d - an orb of light (worn)
Potions
 c - a potion of ambrosia
 e - a potion of lignification {unknown}
 f - a potion of brilliance {unknown}


   Skills:
 + Level 3.2 Fighting
 + Level 3.0 Axes
 + Level 2.9 Dodging


You had one spell level left.
You didn't know any spells.
Your spell library was empty.

Dungeon Overview and Level Annotations

Branches:
Dungeon (1/15)

Altars:
Sif Muna


Innate Abilities, Weirdness & Mutations

A meltable shield of frost defends you. (SH +4)


Message History

You hit the hobgoblin.
The hobgoblin is almost dead.
You completely miss the giant cockroach.
The giant cockroach bites you but does no damage.
The hobgoblin hits you. You block the giant cockroach's attack.
You hit the hobgoblin.
You kill the hobgoblin!
You hit the giant cockroach.
You kill the giant cockroach!
You start resting.
HP restored.
You see here a hobgoblin corpse.
Found a faded altar of an unknown god.
You see here 4 boomerangs.
g - 4 boomerangs
There is a faded altar of an unknown god here.
Unknown command.
Press < or > to pray at altars.
This altar belongs to (a) Sif Muna, (b) Makhleb or (c) Kikubaaqudgha, but you can't tell which.
Press the corresponding letter to learn more about a god, or press enter to convert or escape to cancel.
Sif Muna accepts your prayer! Sif Muna welcomes you!
You can now call upon Sif Muna for magical energy.
A hobgoblin comes into view.
The hobgoblin shouts!
The hobgoblin hits you but does no damage.
You hit the hobgoblin but do no damage. The hobgoblin hits you.
You hit the hobgoblin.
You kill the hobgoblin!
Sif Muna accepts your kill.
Your Axes skill increases to level 3!
You see here a hobgoblin corpse.
You see here a hobgoblin corpse.
There is an open door here.
There is an escape hatch in the floor here.
There is an escape hatch in the floor here.
There is an open door here.
There is a staircase leading out of the dungeon here.
You can't go down here!
Are you sure you want to leave the Dungeon?
This will make you lose the game!
You have escaped!

... # ... # #.# #### #.#
...####.###.#
.#..........#
........###############
..#.####.รท........##..#
.........###....@.##..#
..#.###### #.....>##..#
..#.# ###'#####..# ..#.#
#.##.#'..# ###.#
#.#.#.#..# . # #.#
##>####..# # # . # #.#
##'### #### .#.#. # #.#
#....# #.#.. #....#
#....


There were no monsters in sight!

Vanquished Creatures
  2 ball pythons (D:1)
  2 giant cockroaches (D:1)
  A goblin (D:1)
  2 hobgoblins (D:1)
  A quokka (D:1)
  3 bats (D:1)
  A rat (D:1)
12 creatures vanquished.

Notes
Turn   | Place    | Note
-------+----------+-------------------------------------------
     0 | D:1      | Sabo the Demonspawn Monk began the quest for the Orb.
     0 | D:1      | Reached XP level 1. HP: 18/18 MP: 1/1
   186 | D:1      | Gained mutation: A meltable shield of frost defends you.
                  | (SH +4) [demonic ancestry]
   186 | D:1      | Reached XP level 2. HP: 22/24 MP: 2/2
   256 | D:1      | Found a faded altar of an unknown god.
   277 | D:1      | Prayed at the altar of an unknown god.
   277 | D:1      | Became a worshipper of Sif Muna the Loreminder
   277 | D:1      | Reached * piety under Sif Muna
   277 | D:1      | Reached ** piety under Sif Muna
   337 | D:$      | Got out of the dungeon alive.

Illustrated notes

Levels and vault maps discovered:
D:1:      dpeg_arrival_connections, layout_loops_ring,
          dreamdust_ecumenical_altar_grove

Skill      XL: |  1  2 |
---------------+-------+-----
Axes           | 3 |  3.0
Fighting       | |  3.2
Dodging        | |  2.9

Action                     || total
---------------------------++-------
  Melee: Hand axe          ||    35
 Armour: Robe              ||     5
  Dodge: Dodged            ||    28
  Block: Orb               ||     2
